Map: Dusk Towers

Players

blackxored

  • Race: Zerg Zerg
  • League: Diamond

esio

  • Race: Zerg Zerg
  • League: Diamond

VOD

Have the link to the VOD?

Description

Time

  • Played on: June 19, 2016, 5:35 p.m.
  • Length: 5:02
Show
View Real Time Build Order
Export as new Build Order

blackxored Zerg 

Build Orders: Hatch First 

Get SALT Encoding   

  12  0:02  Drone  
  13  0:10  Drone  
  14  0:19  Overlord  
  14  0:25  Extractor, Drone  
  15  0:39  Drone x2  
  17  1:00  Drone, Hatchery  
  17  1:01  Drone  
  19  1:11  Drone  
  19  1:14  Extractor  
  18  1:18  Spawning Pool  
  18  1:22  Drone  
  18  1:29  Drone  
  19  1:42  Overlord  
  19  1:51  Drone  
  20  2:05  Zergling x2  
  20  2:08  Spine Crawler  
  20  2:11  Zergling x2  
  21  2:16  Metabolic Boost  
  21  2:18  Zergling x2  
  22  2:23  Zergling x2  
  22  2:24  Zergling x2  
  24  2:44  Drone x2  
  24  2:45  Drone x2  
  24  2:49  Baneling Nest  
  24  2:50  Queen  
  24  2:51  Queen  
  31  2:54  Drone  
  31  2:56  Drone  
  33  3:10  Drone x2  
  34  3:35  Hatchery  
  34  3:36  Baneling x2  
  34  3:40  Zergling x6  
  36  3:42  Baneling  
  36  3:43  Overlord, Baneling x4  
  30  4:07  Zergling x20  
  39  4:15  Zergling x2  
  40  4:23  Zergling x4  
  30  4:35  Zergling x4  
  28  4:45  Zergling x2  
Show
View Real Time Build Order
Export as new Build Order

esio Zerg 

Build Orders: Hatch First, Zergling Baneling 

Get SALT Encoding   

  12  0:03  Drone  
  13  0:12  Drone  
  14  0:18  Overlord  
  14  0:38  Drone x3  
  17  1:00  Hatchery  
  17  1:03  Extractor  
  15  1:16  Spawning Pool  
  15  1:17  Drone x2  
  16  1:27  Drone  
  16  1:31  Drone  
  18  1:42  Drone  
  19  1:56  Overlord  
  19  2:03  Queen  
  19  2:07  Zergling x2  
  19  2:08  Metabolic Boost  
  22  2:12  Queen  
  22  2:13  Drone  
  25  2:20  Zergling x2  
  26  2:27  Drone  
  26  2:28  Drone  
  28  2:41  Drone  
  29  2:44  Zergling x4  
  31  2:54  Overlord  
  31  2:57  Zergling x4  
  33  2:59  Baneling Nest  
  32  3:07  Zergling x4  
  34  3:13  Zergling x4  
  35  3:24  Zergling x10  
  35  3:25  Zergling x2  
  41  3:29  Drone  
  42  3:36  Zergling x2  
  42  3:40  Drone  
  44  3:47  Baneling x2  
  44  3:49  Baneling  
  44  3:50  Baneling  
  44  3:57  Overlord  
  39  4:07  Zergling x8  
  39  4:08  Zergling x4  
  44  4:13  Baneling x2  
  44  4:14  Baneling  
  44  4:16  Zergling x4  
  44  4:17  Zergling x4  
  46  4:27  Zergling x2  
  44  4:33  Zergling x2  
  44  4:34  Zergling x6  
  46  4:39  Evolution Chamber  
  45  4:46  Baneling x2  
Tags
 
Add a new tag
Caveats
  • Supply blocks, unpowered buildings, or Contaminate may cause inaccurate times.
  • Supply counts are checked every 10 seconds.